[Event "26th OIBM 2023"]
[Site "Gmund am Tegernsee"]
[Date "2023.10.30"]
[Round "3.8"]
[White "Vogel, Roven"]
[Black "Schneider, Jana"]
[Result "1-0"]
[ECO "A13"]
[WhiteElo "2471"]
[BlackElo "2285"]
[Annotator "RC"]
[PlyCount "99"]
[EventDate "2023.10.04"]
[EventType "swiss"]
[EventCountry "GER"]
[SourceTitle "playchess.com"]
[Source "ChessBase"]
[SourceQuality "1"]
[TimeControl "40/5400+30:1800+30"]

1. Nf3 d5 2. e3 Nf6 3. c4 e6 4. b3 c5 5. Bb2 Nbd7 6. cxd5 exd5 7. Nc3 Be7 8. d4 O-O 9. Be2 a6 10. O-O Bd6 11. Rc1 Re8 12. Kh1 Bf8 13. Kg1 b6 14. dxc5 Nxc5 15. Nd4 Bb7 16. Bf3 Rc8 17. Nde2 Bd6 18. Rc2 Nce4 19. Ng3 Be5 20. Nce2 Ng5 21. Rxc8 Bxc8 22. Bxe5 Nxf3+ 23. gxf3 Rxe5 24. Qd4 Re8 25. Rc1 Be6 26. Rc6 Nd7 27. Nf4 Qg5 28. Kg2 Qh6 29. Nxe6 fxe6 30. Rd6 Re7 31. f4 Qf6 32. Qxf6 gxf6 33. f5 e5 34. Rxd5 Kf8 35. Ne4 Rg7+ 36. Kf3 Ke7 37. Rd6 Rf7 38. b4 Kd8 39. Rc6 Rf8 40. a4 Ke7 41. Re6+ Kf7 42. Nd6+ Kg8 43. Re7 e4+ 44. Kxe4 Ne5 45. b5 axb5 46. axb5 Ng4 47. h4 Nxf2+ 48. Kd5 Ng4 49. Kc6 Rd8 50. Kc7 1-0

[Event "26th OIBM 2023"]
[Site "Gmund am Tegernsee"]
[Date "2023.10.30"]
[Round "3.9"]
[White "Golubka, Petro"]
[Black "Hainke, Guntram"]
[Result "1-0"]
[ECO "E21"]
[WhiteElo "2434"]
[BlackElo "2266"]
[Annotator "RC"]
[PlyCount "89"]
[EventDate "2023.10.04"]
[EventType "swiss"]
[EventCountry "GER"]
[SourceTitle "playchess.com"]
[Source "ChessBase"]
[SourceQuality "1"]
[TimeControl "40/5400+30:1800+30"]

1. d4 Nf6 2. c4 e6 3. Nc3 Bb4 4. Nf3 b6 5. g3 Bb7 6. Bg2 Bxc3+ 7. bxc3 d6 8. O-O O-O 9. Re1 Nbd7 10. a4 a5 11. Nh4 Bxg2 12. Nxg2 Re8 13. e4 e5 14. f3 c6 15. Bg5 Qc7 16. Qb3 h6 17. Bxf6 Nxf6 18. Rab1 Rab8 19. Ne3 g6 20. Kg2 Kg7 21. Rb2 Rb7 22. Reb1 Reb8 23. Qc2 Qe7 24. h4 Nd7 25. h5 Qg5 26. Qf2 Nf6 27. hxg6 fxg6 28. c5 dxc5 29. dxc5 b5 30. axb5 Rxb5 31. Rxb5 cxb5 32. c6 h5 33. Rxb5 Rxb5 34. c7 Rc5 35. Nf5+ gxf5 36. Qxc5 Qd2+ 37. Kh3 Ng4 38. Qe7+ Kh6 39. Qe6+ Kg7 40. fxg4 hxg4+ 41. Kh4 Qh2+ 42. Kg5 Qd2+ 43. Kxf5 Qf2+ 44. Kxg4 Qe2+ 45. Kh4 1-0

[Event "26th OIBM 2023"]
[Site "Gmund am Tegernsee"]
[Date "2023.10.30"]
[Round "3.10"]
[White "Forchert, Martin"]
[Black "Meins, Gerlef"]
[Result "1/2-1/2"]
[ECO "E92"]
[WhiteElo "2317"]
[BlackElo "2412"]
[Annotator "RC"]
[PlyCount "53"]
[EventDate "2023.10.04"]
[EventType "swiss"]
[EventCountry "GER"]
[SourceTitle "playchess.com"]
[Source "ChessBase"]
[SourceQuality "1"]
[TimeControl "40/5400+30:1800+30"]

1. d4 Nf6 2. c4 g6 3. Nc3 Bg7 4. e4 d6 5. Nf3 O-O 6. Be2 e5 7. dxe5 dxe5 8. Qxd8 Rxd8 9. Bg5 Re8 10. Nd5 Nxd5 11. cxd5 c6 12. Bc4 cxd5 13. Bxd5 Na6 14. Rc1 Nb4 15. Bc4 Be6 16. Bxe6 Rxe6 17. O-O Nxa2 18. Rc7 Rb6 19. Rd1 Rxb2 20. h3 h6 21. Be3 Nb4 22. Rdd7 Na6 23. Rxb7 Rxb7 24. Rxb7 Rc8 25. Rxa7 Nc5 26. Ra5 Nxe4 27. Nxe5 1/2-1/2

[Event "26th OIBM 2023"]
[Site "Gmund am Tegernsee"]
[Date "2023.10.30"]
[Round "3.11"]
[White "Solomon, Kenny"]
[Black "Schmider, Niklas"]
[Result "0-1"]
[ECO "D43"]
[WhiteElo "2300"]
[BlackElo "2395"]
[Annotator "RC"]
[PlyCount "74"]
[EventDate "2023.10.04"]
[EventType "swiss"]
[EventCountry "GER"]
[SourceTitle "playchess.com"]
[Source "ChessBase"]
[SourceQuality "1"]
[TimeControl "40/5400+30:1800+30"]

1. d4 Nf6 2. c4 e6 3. Nf3 d5 4. Nc3 c6 5. Bg5 h6 6. Bh4 dxc4 7. e4 g5 8. Bg3 b5 9. h4 g4 10. Ne5 Nbd7 11. Be2 Nxe5 12. Bxe5 Rg8 13. O-O Be7 14. g3 Bb7 15. Re1 Qb6 16. a4 a6 17. Bf1 Nd7 18. Bf4 e5 19. dxe5 O-O-O 20. Qc2 Nc5 21. axb5 axb5 22. Bxh6 Nb3 23. Rad1 Bc5 24. Bg5 Rxd1 25. Rxd1 Nd4 26. Rxd4 Bxd4 27. Qe2 Kb8 28. Qxg4 Bxf2+ 29. Kg2 Ka7 30. Qf4 Bc5 31. h5 Qc7 32. Bf6 Qd7 33. h6 Bc8 34. Kh2 Rg4 35. Qf3 Qd2+ 36. Ne2 Qxh6+ 37. Kg2 Qd2 0-1

[Event "26th OIBM 2023"]
[Site "Gmund am Tegernsee"]
[Date "2023.10.30"]
[Round "3.12"]
[White "Kargin, Arseny"]
[Black "Wyss, Jonas"]
[Result "1/2-1/2"]
[ECO "C18"]
[WhiteElo "2391"]
[BlackElo "2265"]
[Annotator "RC"]
[PlyCount "65"]
[EventDate "2023.10.04"]
[EventType "swiss"]
[EventCountry "GER"]
[SourceTitle "playchess.com"]
[Source "ChessBase"]
[SourceQuality "1"]
[TimeControl "40/5400+30:1800+30"]

1. e4 e6 2. d4 d5 3. Nc3 Bb4 4. e5 c5 5. a3 Bxc3+ 6. bxc3 Ne7 7. Qg4 cxd4 8. Qxg7 Rg8 9. Qxh7 Qc7 10. Ne2 dxc3 11. f4 Nbc6 12. h4 d4 13. h5 Bd7 14. Qd3 O-O-O 15. h6 Rg6 16. h7 Rh8 17. Nxd4 Nxd4 18. Qxd4 Bc6 19. Rh2 b6 20. Bd3 Rxg2 21. Rxg2 Bxg2 22. Kf2 Bb7 23. Be3 Ng6 24. f5 Nxe5 25. Rg1 Nxd3+ 26. cxd3 Qh2+ 27. Ke1 Qxh7 28. fxe6 fxe6 29. Bf4 Qh4+ 30. Kd1 Bf3+ 31. Kc1 Kb7 32. Rg7+ Ka8 33. Rxa7+ 1/2-1/2

[Event "26th OIBM 2023"]
[Site "Gmund am Tegernsee"]
[Date "2023.10.30"]
[Round "3.13"]
[White "Bracker, Arne"]
[Black "Colpe, Malte"]
[Result "1/2-1/2"]
[ECO "C18"]
[WhiteElo "2279"]
[BlackElo "2386"]
[Annotator "RC"]
[PlyCount "74"]
[EventDate "2023.10.04"]
[EventType "swiss"]
[EventCountry "GER"]
[SourceTitle "playchess.com"]
[Source "ChessBase"]
[SourceQuality "1"]
[TimeControl "40/5400+30:1800+30"]

1. e4 e6 2. d4 d5 3. Nc3 Bb4 4. e5 c5 5. a3 Ba5 6. b4 cxd4 7. Nb5 Bc7 8. f4 Bd7 9. Nf3 Bxb5 10. Bxb5+ Nc6 11. O-O Nge7 12. Bd3 Bb6 13. Kh1 a6 14. Bb2 Qd7 15. Qe1 Nf5 16. Bxf5 exf5 17. Rd1 Rc8 18. Nxd4 Bxd4 19. Bxd4 Nxd4 20. Rxd4 Rxc2 21. Qd1 Qc6 22. Rxd5 O-O 23. h3 Rxg2 24. Rd6 Qe4 25. Rd4 Qe2 26. Qxe2 Rxe2 27. Rfd1 g6 28. R1d2 Re1+ 29. Kg2 Ra1 30. Rd7 Rxa3 31. Rxb7 Rc8 32. h4 Rcc3 33. e6 Rg3+ 34. Kh2 Rh3+ 35. Kg2 Rag3+ 36. Kf2 Rf3+ 37. Kg2 Rhg3+ 1/2-1/2

[Event "26th OIBM 2023"]
[Site "Gmund am Tegernsee"]
[Date "2023.10.30"]
[Round "3.14"]
[White "Schachinger, Mario"]
[Black "Cordts, Ingo"]
[Result "1-0"]
[ECO "E04"]
[WhiteElo "2385"]
[BlackElo "2242"]
[Annotator "RC"]
[PlyCount "89"]
[EventDate "2023.10.04"]
[EventType "swiss"]
[EventCountry "GER"]
[SourceTitle "playchess.com"]
[Source "ChessBase"]
[SourceQuality "1"]
[TimeControl "40/5400+30:1800+30"]

1. d4 d5 2. c4 e6 3. Nf3 Nf6 4. g3 dxc4 5. Bg2 Bd7 6. Ne5 Bc6 7. Nxc6 Nxc6 8. O-O Qd7 9. e3 Rb8 10. Qe2 b5 11. b3 cxb3 12. axb3 Bb4 13. Ra6 Ne7 14. Rxa7 Qd6 15. Bb2 Qb6 16. Ra1 O-O 17. Nd2 Rfd8 18. Nf3 Nd7 19. Rfc1 c5 20. Ng5 h6 21. Ne4 f5 22. Nxc5 Nxc5 23. dxc5 Bxc5 24. b4 Bxb4 25. Bd4 Qd6 26. Qb2 Rbc8 27. Rcb1 Bc5 28. Bxg7 Kh7 29. Be5 Qd2 30. Qb3 Qd7 31. Rd1 Nd5 32. Rd3 Bb6 33. Rad1 Rc4 34. Qb1 Qc6 35. R3d2 Ba5 36. Bxd5 Rxd5 37. Rxd5 exd5 38. Qxf5+ Kg8 39. Bf6 Qe8 40. Qxd5+ Kf8 41. Qf5 Kg8 42. Rd5 Bb6 43. Rxb5 Rc1+ 44. Kg2 Qc6+ 45. Rd5 1-0

[Event "26th OIBM 2023"]
[Site "Gmund am Tegernsee"]
[Date "2023.10.30"]
[Round "3.15"]
[White "Goldbeck, Lars"]
[Black "Meissner, Felix"]
[Result "1-0"]
[ECO "B06"]
[WhiteElo "2272"]
[BlackElo "2382"]
[Annotator "RC"]
[PlyCount "85"]
[EventDate "2023.10.04"]
[EventType "swiss"]
[EventCountry "GER"]
[SourceTitle "playchess.com"]
[Source "ChessBase"]
[SourceQuality "1"]
[TimeControl "40/5400+30:1800+30"]

1. d4 g6 2. Nf3 Bg7 3. e4 d6 4. Nbd2 Nd7 5. Bd3 e6 6. a4 a5 7. c3 Ne7 8. O-O O-O 9. Re1 e5 10. Bb5 h6 11. h3 Kh7 12. Nf1 c6 13. Bd3 exd4 14. cxd4 Nf6 15. Ng3 Be6 16. Be3 Qd7 17. Qc2 Kh8 18. Rad1 Nfg8 19. e5 f5 20. exf6 Rxf6 21. Nd2 d5 22. Nb3 b6 23. Rc1 Raf8 24. Nd2 Qd6 25. Ndf1 Bd7 26. Nh2 h5 27. Qd2 R6f7 28. Be2 h4 29. Ngf1 Nf5 30. Bf4 Qb4 31. Be5 Qxd2 32. Nxd2 Nxd4 33. Nhf3 Nxf3+ 34. Nxf3 Ne7 35. Bxg7+ Kxg7 36. Ne5 Be8 37. Nxf7 Rxf7 38. Bg4 c5 39. b3 Bc6 40. Re6 Kf8 41. Rd6 Rf4 42. Re1 Rb4 43. Rf6+ 1-0

[Event "26th OIBM 2023"]
[Site "Gmund am Tegernsee"]
[Date "2023.10.30"]
[Round "3.16"]
[White "Morawietz, Dieter"]
[Black "Schmidt, Gerhard"]
[Result "1-0"]
[ECO "E97"]
[WhiteElo "2378"]
[BlackElo "2112"]
[Annotator "RC"]
[PlyCount "80"]
[EventDate "2023.10.04"]
[EventType "swiss"]
[EventCountry "GER"]
[SourceTitle "playchess.com"]
[Source "ChessBase"]
[SourceQuality "1"]
[TimeControl "40/5400+30:1800+30"]

1. d4 Nf6 2. c4 g6 3. Nc3 Bg7 4. e4 d6 5. Nf3 O-O 6. Be2 e5 7. O-O Nc6 8. d5 Ne7 9. b4 a5 10. bxa5 c5 11. a4 Rxa5 12. Bd2 Ra6 13. Ra3 Ne8 14. Kh1 Kh8 15. Ne1 f5 16. Nd3 Nf6 17. exf5 Nxf5 18. f3 Nd4 19. Nf2 Nh5 20. Bd3 Nf4 21. Bb1 Qd7 22. Nfe4 Nxg2 23. Kxg2 Qh3+ 24. Kh1 Nxf3 25. Qe2 Bg4 26. Qg2 Raa8 27. Nb5 Qh4 28. Raxf3 Bxf3 29. Rxf3 Rxf3 30. Qxf3 Rf8 31. Qg2 Bh6 32. Bd3 Bxd2 33. Qxd2 Qh3 34. Qe2 Qh6 35. Nbxd6 Qc1+ 36. Kg2 Rf4 37. Ng3 e4 38. Ndxe4 h5 39. Ng5 h4 40. Qe5+ Kg8 1-0

[Event "26th OIBM 2023"]
[Site "Gmund am Tegernsee"]
[Date "2023.10.30"]
[Round "3.17"]
[White "Deglmann, Ludwig"]
[Black "Hess, Max"]
[Result "1/2-1/2"]
[ECO "D36"]
[WhiteElo "2243"]
[BlackElo "2378"]
[Annotator "RC"]
[PlyCount "62"]
[EventDate "2023.10.04"]
[EventType "swiss"]
[EventCountry "GER"]
[SourceTitle "playchess.com"]
[Source "ChessBase"]
[SourceQuality "1"]
[TimeControl "40/5400+30:1800+30"]

1. c4 e6 2. d4 d5 3. Nc3 Nf6 4. cxd5 exd5 5. Bg5 c6 6. Qc2 h6 7. Bh4 Be7 8. e3 O-O 9. Bd3 Re8 10. Nge2 Nbd7 11. Bg3 Nf8 12. h3 Ne6 13. O-O Bd7 14. Rad1 Rc8 15. Nf4 Nxf4 16. Bxf4 Be6 17. a3 b5 18. f3 a6 19. Bf5 Qd7 20. Bxe6 Qxe6 21. e4 c5 22. exd5 Nxd5 23. Rfe1 Qc6 24. Nxd5 Qxd5 25. Re5 Qd7 26. dxc5 Bxc5+ 27. Kh1 Rxe5 28. Bxe5 Qe6 29. Bc3 Qc4 30. Qf5 Re8 31. Qd7 Qe6 1/2-1/2

[Event "26th OIBM 2023"]
[Site "Gmund am Tegernsee"]
[Date "2023.10.30"]
[Round "3.18"]
[White "Kurmangaliyeva, Liya"]
[Black "Manish Anto Cristiano F"]
[Result "1-0"]
[ECO "D43"]
[WhiteElo "2236"]
[BlackElo "2368"]
[Annotator "RC"]
[PlyCount "31"]
[EventDate "2023.10.04"]
[EventType "swiss"]
[EventCountry "GER"]
[SourceTitle "playchess.com"]
[Source "ChessBase"]
[SourceQuality "1"]
[TimeControl "40/5400+30:1800+30"]

1. d4 d5 2. c4 c6 3. Nf3 Nf6 4. Nc3 e6 5. Bg5 h6 6. Bxf6 Qxf6 7. a3 dxc4 8. e3 b5 9. Ne5 Bd6 10. Ne4 Qe7 11. Qh5 O-O 12. g4 Bxe5 13. dxe5 Nd7 14. g5 Nxe5 15. Rg1 g6 16. Nf6+ 1-0

[Event "26th OIBM 2023"]
[Site "Gmund am Tegernsee"]
[Date "2023.10.30"]
[Round "3.19"]
[White "Besou, Hussain"]
[Black "Hiemer, Bernd"]
[Result "1-0"]
[ECO "B07"]
[WhiteElo "2351"]
[BlackElo "1999"]
[Annotator "RC"]
[PlyCount "49"]
[EventDate "2023.10.04"]
[EventType "swiss"]
[EventCountry "GER"]
[SourceTitle "playchess.com"]
[Source "ChessBase"]
[SourceQuality "1"]
[TimeControl "40/5400+30:1800+30"]

1. e4 d6 2. d4 Nf6 3. Nc3 g6 4. Be3 Bg7 5. Qd2 c6 6. Bh6 O-O 7. h4 e5 8. Bxg7 Kxg7 9. O-O-O Qa5 10. h5 b5 11. dxe5 dxe5 12. hxg6 fxg6 13. Nf3 Qc7 14. Qh6+ Kg8 15. Ng5 a6 16. Be2 Ra7 17. Rd2 Qe7 18. Rhd1 Rd7 19. a3 Rfd8 20. Bd3 Rb7 21. Bc4+ Nd5 22. Nxd5 cxd5 23. Bxd5+ Rxd5 24. Rxd5 Nc6 25. Nxh7 1-0

[Event "26th OIBM 2023"]
[Site "Gmund am Tegernsee"]
[Date "2023.10.30"]
[Round "3.20"]
[White "Jacob, Tobias"]
[Black "Weber, Ulrich"]
[Result "1/2-1/2"]
[ECO "E94"]
[WhiteElo "1980"]
[BlackElo "2349"]
[Annotator "RC"]
[PlyCount "91"]
[EventDate "2023.10.04"]
[EventType "swiss"]
[EventCountry "GER"]
[SourceTitle "playchess.com"]
[Source "ChessBase"]
[SourceQuality "1"]
[TimeControl "40/5400+30:1800+30"]

1. d4 Nf6 2. Nf3 g6 3. c4 Bg7 4. Nc3 O-O 5. e4 d6 6. Be2 Na6 7. O-O e5 8. Be3 Ng4 9. Bg5 f6 10. Bc1 f5 11. exf5 gxf5 12. dxe5 Nxe5 13. Nxe5 Bxe5 14. Be3 Kh8 15. f4 Bg7 16. Bd4 Be6 17. Bxg7+ Kxg7 18. Nd5 Bxd5 19. Qxd5 c6 20. Qd4+ Qf6 21. Rad1 Qxd4+ 22. Rxd4 Rf6 23. Rfd1 Re8 24. Bf3 Rd8 25. a3 c5 26. R4d3 b6 27. Re1 Nc7 28. Rde3 Kf8 29. Bh5 Rd7 30. Bf3 Rff7 31. Rd1 Rfe7 32. Red3 Ne6 33. Rxd6 Rxd6 34. Rxd6 Nxf4 35. g3 Ne6 36. Kf2 Nd4 37. Bh5 Kg7 38. b4 Rc7 39. bxc5 bxc5 40. Bf3 Kf7 41. Bd5+ Kg7 42. Ra6 Re7 43. Ra5 Rc7 44. Ra6 Re7 45. Kg2 Nc2 46. Kf2 1/2-1/2

[Event "26th OIBM 2023"]
[Site "Gmund am Tegernsee"]
[Date "2023.10.30"]
[Round "3.21"]
[White "Martin Fernandez, Rodrigo"]
[Black "Lipinsky, Markus"]
[Result "1-0"]
[ECO "B66"]
[WhiteElo "2092"]
[BlackElo "1928"]
[Annotator "NA RC"]
[PlyCount "49"]
[EventDate "2023.10.04"]
[EventType "swiss"]
[EventCountry "GER"]
[SourceTitle "playchess.com"]
[Source "ChessBase"]
[SourceQuality "1"]
[TimeControl "40/5400+30:1800+30"]

1. e4 c5 2. Nf3 Nc6 3. d4 cxd4 4. Nxd4 Nf6 5. Nc3 d6 6. Bg5 e6 7. Qd2 Be7 8. O-O-O Nxd4 9. Qxd4 a6 10. Bc4 b5 11. Bb3 Bb7 12. f3 Rc8 13. h4 Qc7 14. Kb1 h6 15. Be3 Rg8 16. g4 Nd7 17. g5 hxg5 18. hxg5 Nc5 19. Rhe1 Nxb3 20. cxb3 f5 21. exf5 Bxf3 22. fxe6 Bxd1 23. Qxd1 Rh8 24. Nd5 Qc6 25. Qd3 1-0

[Event "26th OIBM 2023"]
[Site "Gmund am Tegernsee"]
[Date "2023.10.30"]
[Round "3.22"]
[White "Staudacher, Thomas"]
[Black "Restorff, Felix"]
[Result "0-1"]
[ECO "B12"]
[WhiteElo "1927"]
[BlackElo "2087"]
[Annotator "NA RC"]
[PlyCount "68"]
[EventDate "2023.10.04"]
[EventType "swiss"]
[EventCountry "GER"]
[SourceTitle "playchess.com"]
[Source "ChessBase"]
[SourceQuality "1"]
[TimeControl "40/5400+30:1800+30"]

1. e4 c6 2. d4 d5 3. e5 c5 4. dxc5 e6 5. Nf3 Bxc5 6. Bd3 f6 7. O-O fxe5 8. Nxe5 Nf6 9. Bg5 O-O 10. Nd2 Nc6 11. Nxc6 bxc6 12. Qe2 Qc7 13. Nf3 Ng4 14. h3 Rxf3 15. hxg4 Rf7 16. c4 Qd6 17. Qc2 g6 18. Rac1 Bd4 19. Bh6 Bd7 20. Rcd1 e5 21. Be2 Rb8 22. b3 Qc5 23. Kh1 Bxf2 24. Qd2 Be6 25. Bd3 e4 26. cxd5 cxd5 27. Be2 e3 28. Qd3 Qe7 29. g5 Qd6 30. Qd4 Rb4 31. Bc4 e2 32. Rxf2 exd1=Q+ 33. Qxd1 Rxf2 34. Qe1 Rf7 0-1

[Event "26th OIBM 2023"]
[Site "Gmund am Tegernsee"]
[Date "2023.10.30"]
[Round "3.23"]
[White "Tillmann, Markus"]
[Black "Heppert, Lars"]
[Result "1-0"]
[ECO "D31"]
[WhiteElo "2085"]
[BlackElo "1924"]
[Annotator "NA RC"]
[PlyCount "93"]
[EventDate "2023.10.04"]
[EventType "swiss"]
[EventCountry "GER"]
[SourceTitle "playchess.com"]
[Source "ChessBase"]
[SourceQuality "1"]
[TimeControl "40/5400+30:1800+30"]

1. d4 d5 2. c4 e6 3. Nc3 c6 4. e4 dxe4 5. Nxe4 Nf6 6. Nxf6+ Qxf6 7. Nf3 Bb4+ 8. Bd2 Qe7 9. Bd3 O-O 10. O-O Bxd2 11. Qxd2 Rd8 12. Rad1 c5 13. dxc5 g6 14. Qh6 Nd7 15. b4 a5 16. a3 axb4 17. axb4 Nf8 18. Bc2 Bd7 19. h3 Ra3 20. Be4 Bc6 21. Bxc6 bxc6 22. Ne5 Rc8 23. Rd6 Qb7 24. Qf4 Ra7 25. Qf6 Qa8 26. Ng4 h5 27. Nh6+ Kh7 28. Nxf7 Kg8 29. Ng5 Re8 30. Rfd1 Rae7 31. Qc3 e5 32. Ne4 Kg7 33. Nf6 Rb8 34. Nd7 Rbe8 35. Nxe5 Kh7 36. f4 Ne6 37. Qg3 Rg8 38. Qh4 Qe8 39. Nd7 Qf7 40. Nf6+ Kg7 41. Nxg8 Kxg8 42. Rxc6 Nxf4 43. Rc8+ Kh7 44. Rdd8 Re4 45. Rh8+ Kg7 46. Kh2 Qxc4 47. Qd8 1-0

[Event "26th OIBM 2023"]
[Site "Gmund am Tegernsee"]
[Date "2023.10.30"]
[Round "3.24"]
[White "Kraus, Sebastian"]
[Black "Schulz, Michael"]
[Result "1-0"]
[ECO "B22"]
[WhiteElo "1904"]
[BlackElo "2221"]
[Annotator "RC"]
[PlyCount "59"]
[EventDate "2023.10.04"]
[EventType "swiss"]
[EventCountry "GER"]
[SourceTitle "playchess.com"]
[Source "ChessBase"]
[SourceQuality "1"]
[TimeControl "40/5400+30:1800+30"]

1. e4 c5 2. c3 d5 3. exd5 Qxd5 4. d4 Nf6 5. Nf3 Bg4 6. dxc5 Qxc5 7. Be3 Qc7 8. Na3 Nc6 9. Nb5 Qb8 10. h3 Bh5 11. Nbd4 e5 12. Nxc6 bxc6 13. Qa4 Bxf3 14. gxf3 Qc7 15. f4 Bd6 16. fxe5 Bxe5 17. Bg2 O-O 18. Qxc6 Qxc6 19. Bxc6 Rab8 20. O-O-O a6 21. Kc2 Nh5 22. Rd5 f6 23. Rg1 Rfd8 24. Rg4 Kf8 25. Rxd8+ Rxd8 26. Ra4 g5 27. h4 Nf4 28. hxg5 fxg5 29. Ra5 Bb8 30. Rxg5 1-0

[Event "26th OIBM 2023"]
[Site "Gmund am Tegernsee"]
[Date "2023.10.30"]
[Round "3.25"]
[White "Kobold, Jonathan"]
[Black "Casadio, Niccolo`"]
[Result "1/2-1/2"]
[ECO "C11"]
[WhiteElo "1901"]
[BlackElo "2082"]
[Annotator "NA RC"]
[PlyCount "117"]
[EventDate "2023.10.04"]
[EventType "swiss"]
[EventCountry "GER"]
[SourceTitle "playchess.com"]
[Source "ChessBase"]
[SourceQuality "1"]
[TimeControl "40/5400+30:1800+30"]

1. e4 e6 2. Nf3 d5 3. Nc3 Nf6 4. e5 Nfd7 5. Ne2 c5 6. c3 Nc6 7. d4 Qb6 8. g3 Be7 9. Bg2 O-O 10. O-O cxd4 11. cxd4 f6 12. Nf4 fxe5 13. Nxe6 Rf6 14. Nfg5 e4 15. Nf4 Rf5 16. Nge6 Nf8 17. Bh3 Bxe6 18. Nxe6 Rf6 19. Nf4 Rd6 20. b3 Qxd4 21. Ba3 Qxd1 22. Raxd1 Rdd8 23. Bb2 d4 24. Bg2 Bf6 25. Bxe4 g6 26. Rd2 Rd6 27. Rfd1 Rad8 28. Kf1 Bg5 29. Bxc6 Bxf4 30. Rxd4 bxc6 31. gxf4 Rxd4 32. Rxd4 Ne6 33. Rxd8+ Nxd8 34. Bd4 a6 35. Ke2 Kf7 36. Kd3 Ke6 37. Kc4 Nb7 38. f3 Kf5 39. Be3 h5 40. h4 Ke6 41. Bd4 Kf5 42. Be3 Kf6 43. Bd4+ Ke6 44. Bf2 Kd6 45. b4 Kc7 46. Kd4 Kd6 47. Kc4 Kd7 48. Kd4 Ke6 49. Kc4 Kd6 50. Bc5+ Kd7 51. Bf2 Kc7 52. Kd4 Kd6 53. Kc4 Kd7 54. Kd4 Ke6 55. Kc4 Kd6 56. Bc5+ Nxc5 57. bxc5+ Ke6 58. Kd4 a5 59. a4 1/2-1/2

[Event "26th OIBM 2023"]
[Site "Gmund am Tegernsee"]
[Date "2023.10.30"]
[Round "3.26"]
[White "Wecker, Martin"]
[Black "Gold, Florian"]
[Result "1/2-1/2"]
[ECO "E08"]
[WhiteElo "2075"]
[BlackElo "1898"]
[Annotator "NA RC"]
[PlyCount "102"]
[EventDate "2023.10.04"]
[EventType "swiss"]
[EventCountry "GER"]
[SourceTitle "playchess.com"]
[Source "ChessBase"]
[SourceQuality "1"]
[TimeControl "40/5400+30:1800+30"]

1. Nf3 Nf6 2. c4 e6 3. g3 d5 4. d4 Bb4+ 5. Bd2 Be7 6. Bg2 O-O 7. Qc2 c6 8. O-O Nbd7 9. Bf4 b6 10. Rd1 Bb7 11. Ne5 Rc8 12. Nc3 Nxe5 13. dxe5 Nd7 14. cxd5 cxd5 15. e4 dxe4 16. Bxe4 Bxe4 17. Qxe4 Qc7 18. Nb5 Nc5 19. Qf3 Qb8 20. b4 a6 21. Nd6 Bxd6 22. exd6 Nd7 23. Rac1 e5 24. Bg5 Rxc1 25. Bxc1 Qa8 26. Qg4 Nf6 27. Qe2 Ne4 28. Qe3 Qb7 29. f3 Nf6 30. Qxe5 Qxf3 31. Rf1 Qe4 32. Qxe4 Nxe4 33. Bf4 Rd8 34. Re1 f5 35. Rc1 g5 36. Be5 Kf7 37. Rc7+ Ke6 38. Re7+ Kd5 39. d7 Kc6 40. Rxh7 Rxd7 41. Rxd7 Kxd7 42. h4 Ke6 43. Bc7 gxh4 44. gxh4 b5 45. Bf4 Kd5 46. h5 Nf6 47. h6 Ke4 48. Bc1 Kf3 49. Kh2 Kg4 50. a3 f4 51. Kg2 f3+ 1/2-1/2

[Event "26th OIBM 2023"]
[Site "Gmund am Tegernsee"]
[Date "2023.10.30"]
[Round "3.27"]
[White "Navarro Jahnke, Leo"]
[Black "Esswein, Karlheinz"]
[Result "1-0"]
[ECO "E61"]
[WhiteElo "1884"]
[BlackElo "2077"]
[Annotator "NA RC"]
[PlyCount "81"]
[EventDate "2023.10.04"]
[EventType "swiss"]
[EventCountry "GER"]
[SourceTitle "playchess.com"]
[Source "ChessBase"]
[SourceQuality "1"]
[TimeControl "40/5400+30:1800+30"]

1. d4 Nf6 2. Nf3 d6 3. Bf4 g6 4. e3 Bg7 5. h3 Nbd7 6. Be2 O-O 7. O-O b6 8. c4 Bb7 9. Qc2 e6 10. Nc3 Qe7 11. Rfd1 Rfd8 12. Nb5 Ne8 13. a4 c6 14. Nc3 a5 15. Qb3 Ba6 16. Qa3 Bf8 17. d5 cxd5 18. cxd5 Bxe2 19. Nxe2 e5 20. Bg3 Rdc8 21. Nc3 Nc7 22. Nd2 Na6 23. Na2 Nac5 24. Rac1 f5 25. b4 axb4 26. Nxb4 Rxa4 27. Qxa4 Nxa4 28. Rxc8 Qf7 29. Nc6 Ndc5 30. Nc4 Kg7 31. Rd2 b5 32. N4xe5 dxe5 33. Bxe5+ Kh6 34. Rc7 Qe8 35. Rd4 g5 36. h4 g4 37. d6 Nd7 38. Bf4+ Kh5 39. Ne7 Bxe7 40. dxe7 Nab6 41. Rd6 1-0

[Event "26th OIBM 2023"]
[Site "Gmund am Tegernsee"]
[Date "2023.10.30"]
[Round "3.28"]
[White "Hanisch, Sebastian"]
[Black "Troidl, Thomas"]
[Result "1-0"]
[ECO "A80"]
[WhiteElo "2070"]
[BlackElo "1842"]
[Annotator "NA RC"]
[PlyCount "63"]
[EventDate "2023.10.04"]
[EventType "swiss"]
[EventCountry "GER"]
[SourceTitle "playchess.com"]
[Source "ChessBase"]
[SourceQuality "1"]
[TimeControl "40/5400+30:1800+30"]

1. d4 d5 2. Bf4 e6 3. e3 f5 4. Nf3 Nf6 5. h3 Bd6 6. Ne5 O-O 7. g4 Ne4 8. gxf5 Qh4 9. Qe2 Bxe5 10. dxe5 Rxf5 11. Nd2 Nxd2 12. Qxd2 Nc6 13. O-O-O Bd7 14. Bd3 Rf7 15. Rdg1 a5 16. Rg4 Qe7 17. c3 Kh8 18. Rhg1 b5 19. Qc2 b4 20. Bxh7 bxc3 21. bxc3 Qa3+ 22. Kd2 Qe7 23. Ke2 Nd8 24. Bg5 Qf8 25. f4 Bb5+ 26. Kf2 Ba4 27. Qb1 c6 28. Rh4 Rb7 29. Qg6 Rb2+ 30. Kf3 Bb5 31. Re1 Qf7 32. Bxd8 1-0

[Event "26th OIBM 2023"]
[Site "Gmund am Tegernsee"]
[Date "2023.10.30"]
[Round "3.29"]
[White "Bilandzic, Ante"]
[Black "Wenner, Tobias"]
[Result "1-0"]
[ECO "A48"]
[WhiteElo "1840"]
[BlackElo "2064"]
[Annotator "NA RC"]
[PlyCount "81"]
[EventDate "2023.10.04"]
[EventType "swiss"]
[EventCountry "GER"]
[SourceTitle "playchess.com"]
[Source "ChessBase"]
[SourceQuality "1"]
[TimeControl "40/5400+30:1800+30"]

1. d4 Nf6 2. Nf3 g6 3. Bf4 Bg7 4. e3 O-O 5. Nbd2 d6 6. Be2 c5 7. c3 b6 8. O-O Bb7 9. Re1 Nh5 10. Bg5 h6 11. Bh4 g5 12. Bg3 Nxg3 13. hxg3 Nd7 14. a4 a6 15. Qb3 d5 16. Bf1 e6 17. Rad1 g4 18. Nh4 Bf6 19. dxc5 Nxc5 20. Qb4 h5 21. a5 Bxh4 22. gxh4 Qxh4 23. g3 Qe7 24. Nb3 Rfe8 25. axb6 Nxb3 26. Qxb3 Qc5 27. e4 Red8 28. exd5 Rxd5 29. Rxd5 Bxd5 30. Re5 Qd6 31. Rg5+ Kf8 32. c4 Bb7 33. Bg2 Bxg2 34. Kxg2 Qc6+ 35. Kh2 f6 36. Rxh5 Kg7 37. Qe3 e5 38. c5 Rh8 39. Rxh8 Kxh8 40. b4 Kg7 41. Qe2 1-0